 Dungeon Crawl Stone Soup version 0.21.1-1-g345015f (webtiles) character file.

1827 Mgcat the Archer (level 8, 0/71 HPs)
             Began as a Centaur Hunter on Mar 20, 2018.
             Was a Follower of Okawaru.
             Succumbed to a gnoll sergeant's poison
             ... on level 7 of the Dungeon.
             The game lasted 00:20:30 (7350 turns).

Mgcat the Archer (Centaur Hunter)                   Turns: 7350, Time: 00:20:31

Health: 0/71       AC: 10    Str: 20    XL:     8   Next: 86%
Magic:  10/10      EV: 10    Int: 15    God:    Okawaru [*.....]
Gold:   150        SH:  0    Dex: 12    Spells: 5/10 levels left

rFire    . . .     SeeInvis .   b - +7 whip
rCold    . . .     Gourm    .   (no shield)
rNeg     . . .     Faith    .   x - +1 ring mail
rPois    .         Spirit   .   (no helmet)
rElec    .         Reflect  .   p - +2 cloak
rCorr    .         Harm     .   (no gloves)
MR       .....                  (no barding)
Stlth    +.........             (no amulet)
HPRegen  0.21/turn              q - ring of stealth {Stlth+}
MPRegen  0.12/turn              (no ring)

@: mighty, brilliant, lethally poisoned (0 -> -22), drained, very quick
A: large, hooves 3, deformed body, speed 2, tough skin 3
a: Heroism, Renounce Religion


You were on level 7 of the Dungeon.
You worshipped Okawaru.
Okawaru was aware of your devotion.
You were hungry.

You visited 1 branch of the dungeon, and saw 7 of its levels.

You collected 396 gold pieces.
You spent 246 gold pieces at shops.

Inventory:

Hand Weapons
 a - a +2 shortbow
 b - a +7 whip (weapon)
   (You took it off an orc on level 5 of the Dungeon)
Missiles
 c - a throwing net {=f, !d}
 d - 23 arrows
 n - 8 curare-tipped needles
Armour
 p - a +2 cloak (worn)
   (You found it on level 4 of the Dungeon)
 x - a +1 ring mail (worn)
   (You took it off an orc on level 5 of the Dungeon)
Jewellery
 q - a ring of stealth (left hand) {Stlth+}
   (You found it on level 2 of the Dungeon)
Scrolls
 g - 2 scrolls of random uselessness
 h - 3 scrolls of identify
 i - 3 scrolls of remove curse
 l - 3 scrolls of fear
 s - a scroll of magic mapping {unknown}
 t - a scroll of immolation {unknown}
 u - a scroll of fog
 w - 2 scrolls of amnesia {unknown}
 y - a scroll of blinking {unknown}
 z - a scroll of enchant weapon
 A - a scroll of enchant armour
Potions
 e - a potion of mutation {!q}
 j - 2 potions of agility
 k - 3 potions of magic
 m - a potion of flight
 r - 2 potions of degeneration {!q}
Books
 v - a book of Dreams
   (You found it on level 5 of the Dungeon)
Comestibles
 f - 13 rations


   Skills:
 + Level 6.4(6.0) Fighting
 + Level 9.6(9.2) Bows
 + Level 2.8(2.5) Armour
 + Level 3.3(3.0) Dodging
 - Level 0.4(0.1) Stealth
 + Level 1.7(1.4) Spellcasting
 + Level 2.2(1.9) Necromancy
 + Level 2.1(1.8) Earth Magic


You had 5 spell levels left.
You knew the following spells:

 Your Spells              Type           Power        Failure   Level  Hunger
a - Borgnjor's Vile Clut  Necr/Erth      ###.......   41%         5    ######.


Dungeon Overview and Level Annotations

Branches:
Dungeon (7/15)             Temple (0/1) D:6

Altars:
Ashenzari
Cheibriados
Elyvilon
Fedhas
Gozag
Nemelex Xobeh
Okawaru
Trog
Uskayaw
Vehumet
Yredelemnul
Zin
The Shining One

Shops:
D:6 ?


Innate Abilities, Weirdness & Mutations

You have hooves in place of feet.
Armour fits poorly on your strangely shaped body.
You cover ground very quickly.
You have extremely tough skin. (AC +3)


Message History

The gnoll shouts!
The gnoll is too close now for your liking.
A gnoll is nearby!
The gnoll hits you from afar with a halberd!
The gnoll shouts! x2
The gnoll sergeant shouts!
The gnoll shouts!
You hit the gnoll.
You kill the gnoll!
Okawaru accepts your kill.
You whack the gnoll!
The gnoll is severely wounded.
The gnoll hits you with a spear. The gnoll barely misses you.
You closely miss the gnoll.
You kill the gnoll!
Okawaru accepts your kill.
You hit the gnoll. Your kick misses the gnoll.
The gnoll is heavily wounded.
The gnoll sergeant hits you from afar with a spear of venom!
You are poisoned.
The gnoll hits you but does no damage. The gnoll barely misses you.
The gnoll sergeant closely misses you.
You are too injured to fight recklessly!
You are too injured to fight recklessly!
You are too injured to fight recklessly!
You are too injured to fight recklessly!
You whack the gnoll!
You kill the gnoll!
Okawaru accepts your kill.
You feel sick. The gnoll hits you with a whip.
The gnoll sergeant hits you from afar with a spear of venom.
You are more poisoned.
You whack the gnoll!
The gnoll is severely wounded.
You feel sick. The gnoll hits you with a whip.
The gnoll sergeant barely misses you.
You closely miss the gnoll.
The gnoll is severely wounded.
You feel sick.
The gnoll sergeant hits you but does no damage.
You are more poisoned.
The gnoll hits you but does no damage.
You closely miss the gnoll. Your kick misses the gnoll.
The gnoll is severely wounded.
You feel very sick. The gnoll barely misses you.
The gnoll sergeant hits you from afar with a spear of venom.
You are more poisoned.
You hit the gnoll. You kick the gnoll, but do no damage.
The gnoll is almost dead.
You feel very sick. The gnoll hits you with a whip.
The gnoll sergeant closely misses you.
Your ring mail prevents you from hitting the gnoll.
Your kick misses the gnoll.
The gnoll is almost dead.
You feel sick.
The gnoll sergeant hits you but does no damage.
You are lethally poisoned!
The gnoll barely misses you.
You closely miss the gnoll.
The gnoll is almost dead.
You feel very sick.
The gnoll sergeant hits you from afar with a spear of venom.
You are more poisoned.
The gnoll hits you with a whip.
* * * LOW HITPOINT WARNING * * *
You whack the gnoll!
You kill the gnoll!
Okawaru accepts your kill.
* * * LOW HITPOINT WARNING * * *
You feel very sick.
The gnoll sergeant hits you but does no damage.
* * * LOW HITPOINT WARNING * * *
You feel sick.
* * * LOW HITPOINT WARNING * * *
You feel sick.
* * * LOW HITPOINT WARNING * * *
You feel sick.
It was a potion of brilliance.
You feel clever all of a sudden.
* * * LOW HITPOINT WARNING * * *
You feel very sick.
It was a potion of might.
You feel very mighty all of a sudden.
* * * LOW HITPOINT WARNING * * *
You feel sick. The gnoll sergeant barely misses you.
Really quaff
e - a potion of mutation {!q}?
Okay, then.
Unknown command.
Unknown command.
Okay, then.
Unknown command.
Unknown command.
Unknown command.
* * * LOW HITPOINT WARNING * * *
You feel sick.
* * * LOW HITPOINT WARNING * * *
You feel sick.
* * * LOW HITPOINT WARNING * * *
You feel sick.
You die...

#.####.###.#
#.......##.#
######..##z######
#..##......# ##
#..#######.##.## #
#..# #.#...##.# #..#
#......#.###
#..#######..........
#....<).@.........#
#.########.g......##
#. #.......$...# #.
#.###...##..# #. #.
#.....# #. # #.....#
#. #....)).....#
#.....#.#...#
#.....#.# ..


You could see a gnoll sergeant.

Vanquished Creatures
  Grinder (D:6)
  An ice beast (D:7)
  2 bullfrogs
  Blork the orc (D:5)
  A water moccasin skeleton (D:6)
  8 wights
  A howler monkey (D:7)
  2 crimson imps
  An iron imp (D:5)
  A centaur skeleton (D:4)
  A gnoll shaman (D:6)
  2 hounds
  3 orc priests
  An iguana (D:6)
  4 orc wizards
  Natasha (D:2)
  3 worker ants
  A worker ant zombie (D:5)
  17 gnolls
  9 adders
  2 oozes (D:1)
  An adder skeleton (D:4)
  8 worms
  5 leopard geckos
  17 orcs
  4 giant cockroaches
  9 goblins
  4 hobgoblins
  10 jackals
  4 kobolds (D:3)
  3 quokkas (D:3)
  9 bats
  5 frilled lizards
  A quokka zombie (D:6)
  4 rats (D:1)
  A spectral orc (D:4)
148 creatures vanquished.

Notes
Turn   | Place    | Note
-------+----------+-------------------------------------------
     0 | D:1      | Mgcat the Centaur Hunter began the quest for the Orb.
     0 | D:1      | Reached XP level 1. HP: 17/17 MP: 1/1
   181 | D:1      | Reached XP level 2. HP: 18/25 MP: 2/2
   790 | D:1      | Reached skill level 6 in Bows
  1046 | D:2      | Reached XP level 3. HP: 30/30 MP: 3/3
  1075 | D:2      | Reached skill level 3 in Fighting
  1200 | D:2      | Found a glowing golden altar of the Shining One.
  1200 | D:2      | Found a blossoming altar of Fedhas.
  1201 | D:2      | Found a shattered altar of Ashenzari.
  1207 | D:2      | Became a worshipper of the Shining One
  1817 | D:2      | Noticed Natasha
  1822 | D:2      | Killed Natasha
  1822 | D:2      | Reached XP level 4. HP: 38/38 MP: 4/4
  2152 | D:3      | Found a sparkling altar of Nemelex Xobeh.
  2361 | D:3      | Reached skill level 7 in Bows
  2363 | D:3      | Reached XP level 5. HP: 17/46 MP: 5/5
  2442 | D:3      | Reached skill level 4 in Fighting
  2536 | D:3      | HP: 11/46 [orc/short sword (1)]
  2689 | D:3      | HP: 6/47 [orc priest/divine providence (12)]
  2690 | D:3      | The Shining One protects you from harm!
  3243 | D:4      | Reached XP level 6. HP: 42/53 MP: 6/6
  3366 | D:4      | Reached skill level 8 in Bows
  3499 | D:4      | Reached * piety under the Shining One
  3513 | D:4      | HP: 12/55 [wight/great sword (2)]
  3526 | D:4      | HP: 10/55 [wight/great sword (4)]
  3528 | D:4      | Reached skill level 5 in Fighting
  3553 | D:4      | HP: 12/56 [jackal (2)]
  3801 | D:4      | Reached skill level 1 in Armour
  3801 | D:4      | Reached XP level 7. HP: 46/61 MP: 7/7
  3880 | D:4      | Reached skill level 2 in Dodging
  4402 | D:4      | Found a radiant altar of Vehumet.
  4432 | D:4      | Found a basalt altar of Yredelemnul.
  4779 | D:5      | Entered Level 5 of the Dungeon
  5614 | D:5      | Found a snail-covered altar of Cheibriados.
  5616 | D:5      | Noticed Blork the orc
  5673 | D:5      | Killed Blork the orc
  5809 | D:5      | Learned a level 5 spell: Borgnjor's Vile Clutch
  5928 | D:5      | Found a bloodstained altar of Trog.
  6008 | D:5      | Reached skill level 9 in Bows
  6008 | D:5      | Reached skill level 2 in Armour
  6054 | D:6      | Found a glowing silver altar of Zin.
  6054 | D:6      | Found an opulent altar of Gozag.
  6055 | D:6      | Found a hide-covered altar of Uskayaw.
  6055 | D:6      | Found an iron altar of Okawaru.
  6070 | D:6      | Fell from the grace of the Shining One
  6070 | D:6      | Became a worshipper of Warmaster Okawaru
  6101 | D:6      | Reached XP level 8. HP: 45/70 MP: 8/8
  6183 | D:6      | Found a staircase to the Ecumenical Temple.
  6402 | D:6      | Found a white marble altar of Elyvilon.
  6407 | D:6      | Noticed Grinder
  6442 | D:6      | Paralysed by Grinder for 7 turns
  6462 | D:6      | Killed Grinder
  6462 | D:6      | Reached skill level 6 in Fighting
  6462 | D:6      | Reached skill level 3 in Dodging
  6462 | D:6      | Reached skill level 1 in Spellcasting
  6462 | D:6      | Reached skill level 1 in Necromancy
  6462 | D:6      | Reached skill level 1 in Earth Magic
  6568 | D:6      | Found Boyshreadip's Magic Scroll Shop.
  6590 | D:6      | Bought a scroll of enchant armour for 82 gold pieces
  6590 | D:6      | Bought a scroll of enchant armour for 82 gold pieces
  6590 | D:6      | Bought a scroll of enchant weapon for 82 gold pieces
  6793 | D:6      | Reached * piety under Okawaru
  6920 | D:7      | HP: 17/70 [gnoll/spear (8)]
  6920 | D:7      | HP: 6/70 [gnoll/spear (3)]
  7234 | D:7      | Reached skill level 2 in Necromancy
  7234 | D:7      | Reached skill level 2 in Earth Magic
  7341 | D:7      | HP: 17/71 [poisoned by a gnoll sergeant]
  7346 | D:7      | HP: 7/71 [poisoned by a gnoll sergeant]
  7348 | D:7      | HP: 3/71 [poisoned by a gnoll sergeant]
  7350 | D:7      | Succumbed to a gnoll sergeant's poison

Skill      XL: |  1  2  3  4  5  6  7  8 |
---------------+-------------------------+-----
Bows           | 6 7 8 9 |  9.6
Fighting       | 3 4 5 6 |  6.4
Armour         | 1 2 |  2.8
Dodging        | 2 3 |  3.3
Spellcasting   | 1 |  1.7
Necromancy     | 2 |  2.2
Earth Magic    | 2 |  2.1
Stealth        | |  0.4

Action                   |  1- 3 |  4- 6 |  7- 9 || total
-------------------------+-------+-------+-------++-------
Melee: Shortbow          |    20 |       |       ||    20
       Kick              |    11 |    39 |    69 ||   119
       Short sword       |    50 |   175 |    87 ||   312
       Whip              |       |       |   170 ||   170
 Fire: Shortbow          |    26 |    25 |    43 ||    94
  Use: Scroll            |       |     6 |    10 ||    16
       Potion            |       |     4 |     3 ||     7
  Eat: Chunk             |     1 |     5 |    10 ||    16
Armor: Leather armour    |    30 |    28 |       ||    58
       Chain mail        |       |    40 |    77 ||   117
       Skin              |       |    15 |       ||    15
       Ring mail         |       |       |    59 ||    59
Dodge: Dodged            |    42 |    49 |    89 ||   180

Vault maps used:
D:1:      erik_arrival_cave_to_civilisation
D:2:      gammafunk_temple_overflow_claw, first_ration, lightli_corner_chamber,
          uniq_natasha
D:3:      nemelex_xobeh_ov_fountains_minmay
D:4:      kennysheep_little_box, yredelemnul_forgotten_temple_becter
D:5:      slow_altar_1, overflow_temple_1_default, uniq_blork_the_orc
D:6:      grunt_temple_overflow_open, elyvilon_altar_5,
          minmay_temple_entry_grid, serial_shops, shop,
          kennysheep_generic_room_5, uniq_grinder
D:7:      kennysheep_mini, lemuel_crystal_altar, serial_shops,
          nicolae_shop_statue_plus

Table legend:
 A = Turns spent in this place as a percentage of turns spent in the entire game.
 B = Non-inter-level travel turns spent in this place as a percentage of non-inter-level travel turns spent in the entire game.
 C = Inter-level travel turns spent in this place as a percentage of turns spent in this place.
 D = Turns resting spent in this place as a percentage of non-inter-level travel turns spent in this place.
 E = Turns spent auto-exploring this place as a percentage of non-inter-level travel turns spent in this place.
 F = Non-inter-level travel turns spent in this place divided by the number of levels of this place that you've seen.
                   A       B       C       D       E      F
               +-------+-------+-------+-------+-------+----------------------
         Total | 100.0 | 100.0 |   2.8 |   5.7 |  74.8 | 1020.3
       Dungeon | 100.0 | 100.0 |   2.8 |   5.7 |  74.8 | 1020.3
               +-------+-------+-------+-------+-------+----------------------

Table legend:
 A = Kills in this place as a percentage of kills in entire the game.
 B = Kills by you in this place as a percentage of kills by you in the entire game.
 C = Kills by friends in this place as a percentage of kills by friends in the entire game.
 D = Other kills in this place as a percentage of other kills in the entire game.
 E = Experience gained in this place as a percentage of experience gained in the entire game.
 F = Experience gained in this place divided by the number of levels of this place that you have seen.
                   A       B       C       D       E      F
               +-------+-------+-------+-------+-------+----------------------
         Total | 100.0 | 100.0 |   N/A |   N/A | 100.0 | 373.0
       Dungeon | 100.0 | 100.0 |   N/A |   N/A | 100.0 | 373.0
               +-------+-------+-------+-------+-------+----------------------
